AoeStats
← toniotomassi

Arena

504887145Analyzed
2v2 RM · 24d ago on Sep 6, 2026· 47m 59s· 4 players
Game mode
Random Map
Map size
Medium (4 player)
Population
200
Speed
Normal
Resources
Standard
Victory
Conquest
Starting age
Dark Age
Ending age
Imperial Age
RankedLock teamsTeams togetherTeam positionsShared explorationLock speedFull tech treeHidden civsTurbo modeCheats
Victory
Defeat
🇮🇹 Slavs · Italy
876
+16
🇮🇹 Hindustanis · Italy
829
+17
🇦🇷 Byzantines · Argentina
879
-17
🇦🇷 Goths · Argentina
862
-16
Chillram
13:12 Feudal Age
17:06 Castle Age
15:04 Double-Bit Axe
15:41 Horse Collar
17:18 Light Cavalry
20:41 Bow Saw
22:49 Wheelbarrow
25:25 Heavy Plow
25:37 Loom
26:25 Stone Mining
27:30 Hand Cart
27:20 Gold Mining
31:58 Imperial Age
30:23 Padded Archer Armor
30:35 Forging
30:44 Caravan
31:27 Leather Archer Armor
32:15 Grand Trunk Road
33:39 Chemistry
33:41 Shatagni
34:10 Bloodlines
34:49 Gold Shaft Mining
35:19 Two-Man Saw
34:58 Conscription
34:57 Elite Ghulam
36:39 Scale Mail Armor
37:18 Iron Casting
37:27 Murder Holes
39:54 Chain Mail Armor
40:40 Blast Furnace
41:05 Arson
41:21 Squires
46:03 Siege Engineers
nvb
12:09 Feudal Age
11:43 Loom
17:04 Castle Age
15:52 Horse Collar
16:05 Double-Bit Axe
23:12 Town Watch
25:16 Wheelbarrow
25:23 Wheelbarrow
26:55 Ballistics
27:45 Hand Cart
27:44 Man-at-Arms
30:59 Imperial Age
28:32 Detinets
28:56 Forging
28:48 Scale Mail Armor
29:11 Bow Saw
28:28 Long Swordsman
29:41 Squires
30:49 Pikeman
32:08 Iron Casting
31:49 Chain Mail Armor
31:34 Gold Mining
31:39 Stone Mining
31:55 Heavy Plow
32:58 Two-Man Saw
32:29 Masonry
31:44 Two-Handed Swordsman
34:19 Chemistry
35:16 Crop Rotation
34:57 Siege Engineers
35:57 Blast Furnace
35:27 Plate Mail Armor
36:15 Conscription
36:59 Caravan
36:57 Heavy Scorpion
38:08 Druzhina
38:45 Hoardings
39:28 Champion
44:28 Halberdier
47:04 Capped Ram
47:47 Elite Boyar
Vagoneta3D
11:41 Feudal Age
12:40 Double-Bit Axe
15:55 Horse Collar
20:38 Castle Age
18:35 Stone Mining
18:52 Gold Mining
20:12 Fletching
20:34 Forging
21:21 Elite Skirmisher
23:27 Pikeman
24:08 Squires
26:17 Bow Saw
28:30 Treadmill Crane
29:53 Wheelbarrow
31:40 Hand Cart
32:00 Bodkin Arrow
35:20 Imperial Age
32:48 Loom
33:30 Ballistics
33:36 Scale Barding Armor
34:27 Iron Casting
34:57 Fortified Wall
34:43 Murder Holes
37:31 Chemistry
36:39 Husbandry
37:30 Bracer
37:51 Chain Barding Armor
38:04 Cavalier
39:02 Thumb Ring
42:11 Light Cavalry
toniotomassi
0:27 Loom
11:44 Feudal Age
13:08 Wheelbarrow
15:44 Stone Mining
18:50 Castle Age
16:51 Double-Bit Axe
17:55 Horse Collar
18:54 Gold Mining
20:22 Town Watch
21:38 Pikeman
22:56 Bow Saw
24:21 Squires
25:24 Heavy Plow
26:34 Hand Cart
27:54 Anarchy
30:54 Forging
30:44 Scale Mail Armor
31:30 Town Patrol
35:11 Imperial Age
33:46 Iron Casting
33:26 Chain Mail Armor
33:54 Stone Shaft Mining
35:19 Man-at-Arms
35:21 Halberdier
36:06 Perfusion
36:27 Conscription
37:22 Blast Furnace
36:37 Chain Mail Armor
36:57 Crop Rotation
37:31 Two-Man Saw
36:00 Capped Ram
36:17 Elite Huskarl
36:58 Long Swordsman
37:21 Two-Handed Swordsman
Connection lost

Rejoining the realm…

Still unreachable

The connection could not be restored.

Session expired

The server has moved on; the page needs a fresh start.